 Dungeon Sprint DCSS version 0.19.0-9-gfd783f2 (webtiles) character file.

394 LORDOFBUTT the Jinx (level 6, -7/28 HPs)
             Began as a Spriggan Enchanter on Nov 7, 2016.
             Was a Believer of Dithmenos.
             Mangled by a wight
             ... wielding a cursed +1 war axe
              (9 damage)
             ... in the Dungeon (Sprint VII: "The Pits").
             The game lasted 00:01:53 (276 turns).

LORDOFBUTT the Jinx (Spriggan Enchanter)             Turns: 276, Time: 00:01:53

Health: -7/28      AC:  3    Str:  4    XL:     6   Next: 52%
Magic:  6/20       EV: 18    Int: 16    God:    Dithmenos [**....]
Gold:   0          SH:  0    Dex: 19    Spells: 3 memorised, 20 levels left

rFire  . . .     SeeInvis +     k - +2 dagger
rCold  . . .     Gourm    .     b - +1 robe
rNeg   . . .     Faith    .     (shield restricted)
rPois  .         Spirit   .     (helmet restricted)
rElec  .         Reflect  .     (no cloak)
rCorr  .         Harm     .     (gloves unavailable)
MR     +....     NoTele   +     (boots unavailable)
Stlth  ++++++....               (no amulet)
                                (no ring)
                                (no ring)

@: wreathed by umbra, drained, very quick
A: unfitting armour, see invisible, herbivore 3, speed 3, slow metabolism 2
a: Shadow Step, Renounce Religion


You were in the Dungeon.
You worshipped Dithmenos.
Dithmenos was pleased with you.
You were not hungry.

You visited 1 branch

Inventory:

Hand Weapons
 k - a +2 dagger (weapon)
Armour
 b - a +1 robe (worn)
Scrolls
 j - a scroll of blinking
 l - 3 scrolls of remove curse
 m - 5 scrolls of amnesia
 n - a scroll of summoning
Potions
 a - 2 potions of invisibility
 e - a potion of curing
 f - a potion of heal wounds
 g - a potion of haste
 h - 4 potions of magic
 i - 3 potions of berserk rage
Books
 c - a book of Maledictions

   Spells                             Type                      Level
   a - Corona                         Hexes                        1
   b - Ensorcelled Hibernation        Hexes/Ice                    2
   c - Confuse                        Hexes                        3
   d - Tukima's Dance                 Hexes                        3
   e - Dazzling Spray                 Conjuration/Hexes            3
Comestibles
 d - 8 bread rations
 o - 40 fruits


   Skills:
 - Level 1.1(0.4) Short Blades
 - Level 3.0(2.3) Dodging
 + Level 10.7(9.8) Stealth
 * Level 10.8(9.9) Spellcasting
 * Level 11.2(10.3) Hexes


You had 20 spell levels left.
You knew the following spells:

 Your Spells              Type           Power        Failure   Level  Hunger
a - Corona                Hex            #####..      1%          1    None
b - Ensorcelled Hibernat  Hex/Ice        ###...       1%          2    None
c - Confuse               Hex            #####...     1%          3    None


Dungeon Overview and Level Annotations

Branches:
Dungeon (1/1)

Altars:
Ashenzari
Cheibriados
Dithmenos
Elyvilon
Fedhas
Gozag
Hepliaklqana
Kikubaaqudgha
Makhleb
Nemelex Xobeh
Okawaru
Qazlal
Ru
Sif Muna
Trog
Uskayaw
Vehumet
Xom
Yredelemnul
Zin
The Shining One
Beogh
Jiyva
Lugonu


Innate Abilities, Weirdness & Mutations

You are very small and have problems with some larger weapons.
You are too small for most types of armour.
You have supernaturally acute eyesight. (SInv)
You are a herbivore.
You cover ground extremely quickly.
You need consume almost no food.


Message History

Aim: a wight, wielding an enchanted great sword and wearing a robe (umbra, chance to defeat MR: 68%)
The wight appears confused.
You hit the wight.
The wight is lightly damaged.
You hit the wight but do no damage.
The wight is lightly damaged.
The wight misses you.
The wight hits you with an enchanted great sword!
* * * LOW HITPOINT WARNING * * *
You feel drained.
* * * LOW HITPOINT WARNING * * *
You see here a bullfrog corpse.
Casting: Confuse
Confirm with . or Enter, or press ? or * to list all spells.
Aiming: Confuse
Press: ? - help, Shift-Dir - straight line, f/p - wight
Aim: a wight, wielding an enchanted great sword and wearing a robe (chance to defeat MR: 67%)
The wight appears confused.
The wight hits you with an enchanted war axe!
You die...

#.#
#.......#
#'#######
#.......#
#.......#
#########
#.###...#
#.#.....#
#.#.).#z#
#.....#.#
#...###†#
#..z@...+
#########


You could see a wight.

Vanquished Creatures
  Menkaure (D)
  A floating eye (D)
  A black bear (D)
  A bullfrog (D)
  A wight (D)
  A bat zombie (D)
  A hobgoblin (D)
7 creatures vanquished.

Notes
Turn   | Place    | Note
-------+----------+-------------------------------------------
     0 | D        | LORDOFBUTT the Spriggan Enchanter began the quest for the Orb.
     0 | D        | Reached XP level 1. HP: 9/9 MP: 5/5
     9 | D        | Noticed a floating eye
    18 | D        | Paralysed by a floating eye for 3 turns
    22 | D        | Killed a floating eye
    22 | D        | Reached skill level 7 in Hexes
    22 | D        | Reached XP level 2. HP: 13/13 MP: 6/11
    22 | D        | Reached XP level 3. HP: 16/16 MP: 6/12
    22 | D        | Reached XP level 4. HP: 21/21 MP: 7/14
    26 | D        | Learned a level 2 spell: Ensorcelled Hibernation
    30 | D        | Learned a level 3 spell: Confuse
    35 | D        | Found a radiant altar of Vehumet.
    35 | D        | Found a hide-covered altar of Uskayaw.
    35 | D        | Found an ancient bone altar of Kikubaaqudgha.
    35 | D        | Found a viscous altar of Jiyva.
    35 | D        | Found a hazy altar of Hepliaklqana.
    36 | D        | Found a bloodstained altar of Trog.
    36 | D        | Found a deep blue altar of Sif Muna.
    36 | D        | Found a sacrificial altar of Ru.
    36 | D        | Found a stormy altar of Qazlal.
    36 | D        | Found an iron altar of Okawaru.
    36 | D        | Found a sparkling altar of Nemelex Xobeh.
    36 | D        | Found an opulent altar of Gozag.
    36 | D        | Found a blossoming altar of Fedhas.
    36 | D        | Found a white marble altar of Elyvilon.
    36 | D        | Found a shadowy altar of Dithmenos.
    36 | D        | Found a snail-covered altar of Cheibriados.
    37 | D        | Found a burning altar of Makhleb.
    37 | D        | Found a glowing golden altar of the Shining One.
    37 | D        | Found a glowing silver altar of Zin.
    37 | D        | Found a basalt altar of Yredelemnul.
    37 | D        | Found a roughly hewn altar of Beogh.
    38 | D        | Found a corrupted altar of Lugonu.
    38 | D        | Found a shimmering altar of Xom.
    38 | D        | Found a shattered altar of Ashenzari.
    49 | D        | Became a worshipper of Dithmenos the Shadowed
   157 | D        | Reached skill level 8 in Hexes
   245 | D        | Noticed Menkaure
   248 | D        | Noticed a black bear
   250 | D        | Noticed a bullfrog
   251 | D        | Killed Menkaure
   251 | D        | Reached skill level 9 in Hexes
   251 | D        | Reached XP level 5. HP: 24/24 MP: 15/18
   254 | D        | Reached * piety under Dithmenos
   257 | D        | Killed a black bear
   257 | D        | Reached skill level 10 in Stealth
   257 | D        | Reached skill level 10 in Spellcasting
   257 | D        | Reached skill level 10 in Hexes
   257 | D        | Reached XP level 6. HP: 28/28 MP: 16/20
   264 | D        | Reached ** piety under Dithmenos
   264 | D        | Reached skill level 11 in Hexes
   276 | D        | Mangled by a wight

Skill      XL: |  1  2  3  4  5  6 |
---------------+-------------------+-----
Stealth        | 7 9 10 | 10.7
Spellcasting   | 7 9 10 | 10.8
Hexes          | 7 9 10 11 | 11.2
Short Blades   | |  1.1
Dodging        | |  3.0

Action                   |  1- 3 |  4- 6 || total
-------------------------+-------+-------++-------
Melee: Dagger            |     9 |    20 ||    29
 Cast: Confuse           |       |     8 ||     8
       Ensorcelled Hiber |       |     2 ||     2
 Stab: Sleeping          |       |     5 ||     5
       Confused          |       |     1 ||     1
Dodge: Dodged            |       |    10 ||    10
